 Dungeon Crawl Stone Soup version 0.30-a0-374-g95c0257040 (webtiles) character file.

Game seed: 7557630731094387833

1165 McGhostyFace the Magician (level 8, -2/59 (60) HPs)
             Began as a Gnoll Wanderer on Nov 25, 2022.
             Was a Priest of Makhleb.
             Slain by a wight
             ... wielding a +0 long sword
              (8 damage)
             ... on level 6 of the Dungeon on Nov 26, 2022.
             The game lasted 00:12:02 (5189 turns).

McGhostyFace the Magician (Gnoll Wanderer)          Turns: 5189, Time: 00:12:02

HP:   -2/59 (60)    AC:  3    Str:  9    XL:     8   Next: 40%
MP:   6/17          EV: 20    Int: 19    God:    Makhleb [***...]
Gold: 280           SH:  4    Dex:  9    Spells: 13/19 levels left

rFire   . . .      SeeInvis .    f - +1 hand axe (elec)
rCold   . . .      Faith    .    C - +0 buckler
rNeg    . . .      Spirit   .    c - +0 robe
rPois   .          Reflect  .    (no helmet)
rElec   .          Harm     .    (no cloak)
rCorr   .          Rampage  .    d - +0 pair of gloves
Will    .....                    (no boots)
Stlth   +++.......               (no amulet)
HPRegen 0.29/turn                j - +4 ring of evasion
MPRegen 0.15/turn                w - +4 ring of evasion

@: freezing walls, very slightly contaminated, lightly drained
A: fangs 1, strong nose, distributed training
a: Renounce Religion, Minor Destruction, Lesser Servant of Makhleb


You were on level 6 of the Dungeon.
You worshipped Makhleb.
Makhleb was most pleased with you.
You visited 1 branch of the dungeon, and saw 6 of its levels.

You collected 280 gold pieces.

Inventory:

Hand Weapons
 a - a +0 club
 f - a +1 hand axe of electrocution (weapon)
 x - a +1 falchion of holy wrath
Missiles
 m - 5 silver javelins
 p - 7 curare-tipped darts (quivered)
 q - 3 javelins
 A - 2 poisoned darts
Armour
 c - a +0 robe (worn)
 d - a +0 pair of gloves (worn)
 C - a +0 buckler (worn)
Jewellery
 j - a +4 ring of evasion (left hand)
 l - a +6 ring of dexterity
 w - a +4 ring of evasion (right hand)
 y - a ring of wizardry
 B - an amulet of regeneration
Scrolls
 e - 3 scrolls of magic mapping {unknown}
 h - a scroll of summoning {unknown}
 i - 3 scrolls of noise {unknown}
 k - 4 scrolls of immolation {unknown}
 n - a scroll of vulnerability {unknown}
 v - 3 scrolls of identify {unknown}
 z - a scroll of torment {unknown}
Potions
 b - a potion of haste
 g - a potion of curing {unknown}
 o - a potion of might {unknown}
 r - 4 potions of lignification {unknown}
 s - 2 potions of flight {unknown}
 t - a potion of heal wounds {unknown}
 u - a potion of degeneration {unknown}
 D - a potion of mutation {unknown}
 E - a potion of magic {unknown}
 F - a potion of brilliance {unknown}


   Skills:
 + Level 4.3 Fighting
 + Level 3.3 Short Blades
 + Level 3.3 Long Blades
 + Level 3.3 Axes
 + Level 3.3 Maces & Flails
 + Level 3.3 Polearms
 + Level 3.3 Staves
 + Level 3.3 Ranged Weapons
 + Level 3.3 Throwing
 + Level 3.3 Armour
 + Level 3.3 Dodging
 + Level 5.4 Stealth
 + Level 3.3 Shields
 + Level 3.3 Unarmed Combat
 + Level 6.1 Spellcasting
 + Level 4.7 Conjurations
 + Level 2.7 Hexes
 + Level 2.7 Summonings
 + Level 2.7 Necromancy
 + Level 2.7 Translocations
 + Level 2.7 Transmutations
 + Level 2.7 Fire Magic
 + Level 4.7 Ice Magic
 + Level 2.7 Air Magic
 + Level 2.7 Earth Magic
 + Level 2.7 Poison Magic
 + Level 3.7 Invocations
 + Level 4.3 Evocations


You had 13 spell levels left.
You knew the following spells:

 Your Spells              Type           Power      Damage    Failure   Level
a - Freeze                Ice            92%        1d9       1%          1
b - Static Discharge      Conj/Air       40%        2-4/arc   4%          2
c - Frozen Ramparts       Ice            46%        1d7       6%          3

Your spell library contained the following spells:

 Spells                   Type           Power      Damage    Failure   Level
 Magic Dart               Conj           92%        1d7       1%          1
 Sting                    Tmut/Pois      64%        1d6       4%          1
 Momentum Strike          Conj/Tloc      40%        3d9       4%          2
 Call Imp                 Summ           16%        N/A       7%          2
 Poisonous Vapours        Pois/Air       32%        N/A       7%          2
 Mephitic Cloud           Conj/Pois/Air  18%        N/A       11%         3
 Summon Ice Beast         Ice/Summ       20%        N/A       30%         4
 Olgreb's Toxic Radiance  Pois           16%        N/A       43%         4


Dungeon Overview and Level Annotations

Branches:
Dungeon (6/15)             Temple (0/1) D:6

Altars:
Cheibriados
Makhleb
Qazlal
Xom


Innate Abilities, Weirdness & Mutations

You have very sharp teeth.
Your uncanny sense of smell can sniff out nearby items.
Your experience applies equally to all skills.


Message History

The wall freezes the wight but does no damage.
The wight completely resists.
The wall freezes the wight but does no damage.
Casting: Static Discharge (safe; 4% risk of failure)
Confirm with . or Enter, or press ? or * to list all spells.
The wight is struck by an arc of lightning.
The wight is heavily damaged.
The wight is struck by an arc of lightning.
The wight is moderately damaged.
The wight is struck by an arc of lightning.
The wight is lightly damaged.
The lightning grounds out.
The wight resists.
The wall freezes the wight.
The wight completely resists.
The wall freezes the wight but does no damage.
The wight completely resists.
The wall freezes the wight but does no damage.
Casting: Static Discharge (safe; 4% risk of failure)
Confirm with . or Enter, or press ? or * to list all spells.
The wight is struck by an arc of lightning.
The wight is severely damaged.
You are struck by an arc of lightning.
The lightning grounds out.
The wight is struck by an arc of lightning.
The wight is moderately damaged.
The wight is struck by an arc of lightning.
The wight is moderately damaged.
The lightning grounds out.
The wall freezes the wight but does no damage.
The wight hits you with a +0 long sword.
The wight completely resists.
The wall freezes the wight but does no damage.
The wight hits you with a +0 great sword!
You feel drained.
The wight completely resists.
The wall freezes the wight but does no damage.
The wight hits you from afar with a +5 halberd of freezing!!
The wight freezes you!
* * * LOW HITPOINT WARNING * * *
Okay, then.
A demon appears!
The wight resists.
The wall freezes the wight.
The wight hits you with a +0 long sword!
You die...

### #<# #.# ############ #.#
#.......3z@# #.# #.########z# #.#
#.# #z# #.# #.# #z### #.## #.#
#.# #.#.# #... #.# ... ..#.####
##.# #.# #.# ###....# #.#
#######.###.######.##.#########.#
#........##.##...................


You could see 4 wights and a friendly smoke demon (summoned).

Vanquished Creatures
  2 water moccasins (D:5)
  A sky beast (D:6)
  2 ogres
  2 phantoms
  A scorpion (D:4)
  2 necrophages
  3 hounds
  A jelly (D:5)
  A gnoll bouda (D:5)
  2 iguanas
  7 adders
  3 gnolls (D:5)
  2 ufetubi
  2 worms
  2 dart slugs
  9 orcs
  9 endoplasms
  4 giant cockroaches
  2 goblins (D:1)
  4 hobgoblins
  A quokka (D:3)
  4 ball pythons
  3 bats (D:1)
  6 frilled lizards
  4 kobolds
  9 rats
88 creatures vanquished.

Notes
Turn   | Place    | Note
-------+----------+-------------------------------------------
     0 | D:1      | McGhostyFace the Gnoll Wanderer began the quest for the
                  | Orb.
     0 | D:1      | McGhostyFace set off with the following items: a +0 club, a
                  | potion of haste, a +0 robe, a +0 pair of gloves; and the
                  | following spell memorised: Freeze; and the following spells
                  | available to memorise: Momentum Strike, Static Discharge,
                  | Frozen Ramparts, Summon Ice Beast.
     0 | D:1      | Reached XP level 1. HP: 17/17 MP: 6/6
   295 | D:1      | Reached XP level 2. HP: 17/23 MP: 7/7
   453 | D:1      | Found a faded altar of an unknown god.
   467 | D:1      | Prayed at the altar of an unknown god.
   467 | D:1      | Became a worshipper of Makhleb the Destroyer
   467 | D:1      | Reached * piety under Makhleb
  1010 | D:2      | Reached skill level 5 in Spellcasting
  1010 | D:2      | Reached XP level 3. HP: 25/28 MP: 7/9
  1128 | D:2      | Found a shimmering altar of Xom.
  1722 | D:3      | Reached skill level 1 in Invocations
  1725 | D:3      | Learned a level 2 spell: Static Discharge
  1729 | D:3      | Learned a level 3 spell: Frozen Ramparts
  1822 | D:3      | Reached ** piety under Makhleb
  2124 | D:3      | Reached skill level 1 in Short Blades
  2124 | D:3      | Reached skill level 1 in Long Blades
  2124 | D:3      | Reached skill level 1 in Axes
  2124 | D:3      | Reached skill level 1 in Maces & Flails
  2124 | D:3      | Reached skill level 1 in Polearms
  2124 | D:3      | Reached skill level 1 in Staves
  2124 | D:3      | Reached skill level 1 in Ranged Weapons
  2124 | D:3      | Reached skill level 1 in Throwing
  2124 | D:3      | Reached skill level 1 in Armour
  2124 | D:3      | Reached skill level 1 in Dodging
  2124 | D:3      | Reached skill level 1 in Shields
  2124 | D:3      | Reached skill level 1 in Unarmed Combat
  2124 | D:3      | Reached XP level 4. HP: 24/34 MP: 11/11
  2242 | D:3      | Reached skill level 1 in Hexes
  2242 | D:3      | Reached skill level 1 in Summonings
  2242 | D:3      | Reached skill level 1 in Necromancy
  2242 | D:3      | Reached skill level 1 in Translocations
  2242 | D:3      | Reached skill level 1 in Transmutations
  2242 | D:3      | Reached skill level 1 in Fire Magic
  2242 | D:3      | Reached skill level 1 in Air Magic
  2242 | D:3      | Reached skill level 1 in Earth Magic
  2242 | D:3      | Reached skill level 1 in Poison Magic
  2409 | D:4      | Noticed a necrophage
  2497 | D:4      | Noticed an ogre
  2502 | D:4      | Killed an ogre
  2503 | D:4      | Reached XP level 5. HP: 41/41 MP: 2/12
  2699 | D:4      | Reached XP level 6. HP: 35/47 MP: 12/14
  2934 | D:4      | Found a snail-covered altar of Cheibriados.
  3306 | D:5      | Entered Level 5 of the Dungeon
  3382 | D:5      | Reached XP level 7. HP: 29/52 MP: 8/15
  3842 | D:5      | Reached skill level 5 in Stealth
  3894 | D:5      | Reached *** piety under Makhleb
  4286 | D:5      | Reached XP level 8. HP: 58/60 MP: 16/16
  4308 | D:5      | Reached skill level 6 in Spellcasting
  4926 | D:6      | Found a stormy altar of Qazlal.
  4982 | D:6      | Found a staircase to the Ecumenical Temple.
  5189 | D:6      | Slain by a wight

Illustrated notes

Levels and vault maps discovered:
D:1:      scummos_arrival_hexagon, layout_basic,
          ebering_ecumenical_altar_abandoned
D:2:      layout_loops_ring, basic_altar, minmay_misc_feat_secret_circle
D:3:      layout_basic, roderic_serpentine_path, kennysheep_nondescript
D:4:      layout_gridville, slow_altar_1
D:5:      layout_basic
D:6:      layout_basic, grunt_qazlal_clouds, minmay_temple_entry_antechambers,
          dreamdust_princess_corridor

Skill      XL: |  1  2  3  4  5  6  7  8 |
---------------+-------------------------+-----
Spellcasting   | 5 6 |  6.1
Invocations    | 1 2 3 |  3.7
Short Blades   | 1 2 3 |  3.3
Long Blades    | 1 2 3 |  3.3
Axes           | 1 2 3 |  3.3
Maces & Flails | 1 2 3 |  3.3
Polearms       | 1 2 3 |  3.3
Staves         | 1 2 3 |  3.3
Ranged Weapons | 1 2 3 |  3.3
Throwing       | 1 2 3 |  3.3
Armour         | 1 2 3 |  3.3
Dodging        | 1 2 3 |  3.3
Shields        | 1 2 3 |  3.3
Unarmed Combat | 1 2 3 |  3.3
Hexes          | 1 2 |  2.7
Summonings     | 1 2 |  2.7
Necromancy     | 1 2 |  2.7
Translocations | 1 2 |  2.7
Transmutations | 1 2 |  2.7
Fire Magic     | 1 2 |  2.7
Air Magic      | 1 2 |  2.7
Earth Magic    | 1 2 |  2.7
Poison Magic   | 1 2 |  2.7
Fighting       | 3 4 |  4.3
Conjurations   | 4 |  4.7
Ice Magic      | 4 |  4.7
Evocations     | 3 4 |  4.3
Stealth        | 5 |  5.4

Action                   |  1- 3 |  4- 6 |  7- 9 || total
-------------------------+-------+-------+-------++-------
Melee: Hand axe          |    88 |    82 |    73 ||   243
       Club              |     3 |       |       ||     3
       Bite              |     6 |     5 |     6 ||    17
       Punch             |     3 |       |       ||     3
Throw: Javelin           |     2 |     8 |    10 ||    20
       Dart              |       |     2 |     6 ||     8
 Cast: Freeze            |     3 |    12 |     8 ||    23
       Frozen Ramparts   |       |     1 |     3 ||     4
       Static Discharge  |       |     3 |     3 ||     6
Invok: Lesser Servant of |       |       |     1 ||     1
 Stab: Sleeping          |    12 |     4 |     6 ||    22
Armor: Robe              |    26 |    11 |    10 ||    47
Dodge: Dodged            |    58 |    79 |    62 ||   199
Block: Buckler           |       |       |     5 ||     5

Table legend: (Time is in decaauts)
 A = Elapsed time spent in this place.
 B = Non-inter-level travel time spent in this place.
 C = Inter-level travel time spent in this place.
 D = Time resting spent in this place.
 E = Time spent auto-exploring this place.
 F = Levels seen in this place.
 G = Mean time per level.
                   A        B        C        D        E       F      G
               +--------+--------+--------+--------+--------+-----+--------+
         Total |   5250 |   4928 |    322 |    752 |   3361 |   6 |  875.0 |
       Dungeon |   5250 |   4928 |    322 |    752 |   3361 |   6 |  875.0 |
               +--------+--------+--------+--------+--------+-----+--------+

Top non-repeatable levels by time:
     D:5: 1387 daAuts
     D:1: 948 daAuts
     D:4: 862 daAuts
     D:3: 833 daAuts
     D:2: 783 daAuts
     D:6: 436 daAuts
